[Event "Titled Tuesday Blitz April 25 Early 2023"]
[White "So, Wesley"]
[Black "Kuzubov, Yuriy"]
[WhiteFideId "5202213"]
[BlackFideId "14112906"]
[WhiteElo "2749"]
[BlackElo "2496"]
[Result "0-1"]
[Round "04"]
[TimeControl "180+2"]
[Date "2023.04.25"]
[WhiteClock "0:00:06"]
[BlackClock "0:00:45"]

1. e4 c5 2. Nf3 Nc6 3. d4 cxd4 4. Nxd4 Nf6 5. Nc3 e5 6. Ndb5 d6 7. Nd5 Nxd5 8. exd5 Nb8 9. a4 Be7 10. Be2 O-O 11. O-O Nd7 12. Bd2 f5 13. a5 a6 14. Na3 e4 15. Nc4 Ne5 16. Nb6 Rb8 17. f4 exf3 18. Bxf3 Bf6 19. Kh1 Nd7 20. Nc4 Ne5 21. Nb6 Nd7 22. Be3 Bxb2 23. Nc4 Bxa1 24. Qxa1 f4 25. Ba7 Ra8 26. Bd4 Nf6 27. Bb6 Qd7 28. Qa3 Qb5 29. Nd2 Bg4 30. c4 Qd7 31. Bd4 Bxf3 32. gxf3 Rae8 33. Rg1 Re2 34. Qd3 Re7 35. Qc3 Qf5 36. Qb4 Re2 37. Qxb7 g6 38. Ne4 Rxe4 39. Bxf6 Rxf6 40. fxe4 Qxe4+ 41. Rg2 f3 0-1


[Site "https://www.chess.com"]

[Event "Titled Tuesday Blitz April 25 Early 2023"]
[White "Bluebaum, Matthias"]
[Black "Kevlishvili, Robby"]
[WhiteFideId "24651516"]
[BlackFideId "1040634"]
[WhiteElo "2638"]
[BlackElo "2572"]
[Result "1/2-1/2"]
[Round "04"]
[TimeControl "180+2"]
[Date "2023.04.25"]
[WhiteClock "0:00:04"]
[BlackClock "0:00:14"]

1. d4 Nf6 2. c4 g6 3. Nc3 Bg7 4. e4 d6 5. Nf3 O-O 6. Be2 Bg4 7. Be3 a5 8. h4 Nbd7 9. Nd2 Bxe2 10. Qxe2 c5 11. d5 e6 12. g4 exd5 13. cxd5 Re8 14. h5 b5 15. hxg6 hxg6 16. g5 Nh5 17. Nxb5 Bxb2 18. Rb1 Be5 19. Rxh5 gxh5 20. f4 Rb8 21. fxe5 Nxe5 22. Qxh5 a4 23. Kf2 Qd7 24. Rh1 Ng6 25. Nxd6 Qxd6 26. Nc4 Qe7 27. Qh7+ Kf8 28. Qh6+ Kg8 29. e5 Rb4 30. Qh7+ Kf8 31. d6 Qe6 32. Qh6+ Kg8 33. Qh7+ Kf8 34. Qh6+ Kg8 35. Qh7+ Kf8 1/2-1/2


[Site "https://www.chess.com"]

[Event "Titled Tuesday Blitz April 25 Early 2023"]
[White "Fressinet, Laurent"]
[Black "Mamedyarov, Shakhriyar"]
[WhiteFideId "608742"]
[BlackFideId "13401319"]
[WhiteElo "2633"]
[BlackElo "2704"]
[Result "0-1"]
[Round "04"]
[TimeControl "180+2"]
[Date "2023.04.25"]
[WhiteClock "0:00:03"]
[BlackClock "0:00:19"]

1. d4 Nf6 2. Nf3 g6 3. Bg5 Bg7 4. Nbd2 O-O 5. e3 d5 6. Be2 b6 7. O-O c5 8. c3 Bb7 9. a4 Nc6 10. h3 Rc8 11. Bf4 Nd7 12. Bh2 e5 13. dxe5 Ndxe5 14. Nxe5 Nxe5 15. Nf3 Nc4 16. Qc2 Qe7 17. Nd2 Ne5 18. Rfe1 d4 19. exd4 cxd4 20. Bxe5 Bxe5 21. Bf3 dxc3 22. bxc3 Ba6 23. a5 b5 24. Bg4 Rc5 25. Nf3 h5 26. Nxe5 Rxe5 27. Rxe5 Qxe5 28. Be2 Rc8 29. Rc1 Bb7 30. Qb2 a6 31. Bf1 Ba8 32. Qb4 Bd5 33. Rd1 Be6 34. Qd6 Qxd6 35. Rxd6 Rxc3 36. f3 b4 37. Rxa6 Rc1 38. Ra8+ Kg7 39. Kf2 Rc2+ 40. Ke1 b3 41. Rb8 b2 42. Bd3 Rxg2 43. a6 Bd5 44. f4 Rg3 45. Kd2 Rxh3 46. a7 h4 47. Bc2 Rh1 48. Rxb2 Ra1 49. Rb5 Bg2 0-1


[Site "https://www.chess.com"]

[Event "Titled Tuesday Blitz April 25 Early 2023"]
[White "Indjic, Aleksandar"]
[Black "Duda, Jan-Krzysztof"]
[WhiteFideId "911925"]
[BlackFideId "1170546"]
[WhiteElo "2614"]
[BlackElo "2790"]
[Result "1/2-1/2"]
[Round "04"]
[TimeControl "180+2"]
[Date "2023.04.25"]
[WhiteClock "0:00:17"]
[BlackClock "0:00:08"]

1. e4 c5 2. Nf3 d6 3. d4 cxd4 4. Nxd4 Nf6 5. Nc3 a6 6. Bg5 Nbd7 7. Qe2 h6 8. Bd2 e5 9. Nf5 Nc5 10. Qf3 b5 11. O-O-O Bb7 12. Ng3 Rc8 13. Kb1 g6 14. h4 h5 15. Bd3 Bg7 16. Bg5 Ne6 17. Bxb5+ axb5 18. Nxb5 Nd4 19. Nxd4 exd4 20. Rxd4 Qc7 21. c3 Ng4 22. Rhd1 Bxd4 23. Rxd4 O-O 24. Bf4 Ne5 25. Qd1 f6 26. Bc1 Kg7 27. Ne2 Rfe8 28. Nf4 Nf7 29. f3 Qb6 30. c4 Ba6 31. Qd2 Rxc4 32. Rxc4 Bxc4 33. g4 hxg4 34. fxg4 Rxe4 35. g5 fxg5 36. hxg5 Qg1 37. Qc3+ Ne5 38. Qd2 Bd3+ 39. Nxd3 Rd4 40. Qf2 Qxf2 41. Nxf2 Kf7 42. b3 Ke6 43. Kc2 Rh4 44. Be3 Rh2 45. Kc3 Kd5 46. a4 Rg2 47. b4 Rg3 48. Nd1 Nc4 49. Kd3 Nxe3 50. Nxe3+ Kc6 51. b5+ Kc5 52. Ke4 Rxg5 53. Nc2 Re5+ 54. Kd3 g5 55. Na1 g4 56. Nb3+ Kb6 57. Nd2 g3 58. Nc4+ Kc5 59. Nxe5 dxe5 60. Ke2 e4 61. Ke3 Kb6 62. Ke2 Ka5 63. Ke3 Kb6 64. Ke2 Kc5 65. Ke3 Kd5 66. a5 Kc5 67. a6 Kb6 68. Ke2 Ka7 69. Ke3 Kb6 70. Ke2 Ka7 71. Ke3 Kb6 1/2-1/2


[Site "https://www.chess.com"]

[Event "Titled Tuesday Blitz April 25 Early 2023"]
[White "Le, Tuan Minh"]
[Black "Donchenko, Alexander"]
[WhiteFideId "12401153"]
[BlackFideId "24603295"]
[WhiteElo "2566"]
[BlackElo "2542"]
[Result "0-1"]
[Round "04"]
[TimeControl "180+2"]
[Date "2023.04.25"]
[WhiteClock "0:00:01"]
[BlackClock "0:00:04"]

1. d4 Nf6 2. Nf3 d5 3. Bf4 e6 4. e3 Bd6 5. Nbd2 b6 6. c3 O-O 7. Bd3 Ba6 8. Bxa6 Nxa6 9. Bg5 h6 10. Bxf6 Qxf6 11. Qe2 Nb8 12. e4 Qg6 13. O-O Rd8 14. Rfe1 dxe4 15. Nxe4 Nd7 16. Rad1 Nf6 17. Nxf6+ Qxf6 18. Rd3 a5 19. Red1 a4 20. a3 Ra5 21. g3 Qf5 22. Kg2 Qd5 23. Re3 Be7 24. c4 Qa8 25. d5 Bc5 26. Red3 exd5 27. Rxd5 Re8 28. Qc2 Bd6 29. Rxa5 Qxa5 30. Rd5 Qa8 31. h4 Re7 32. Qd1 Qe8 33. Rd2 Qc6 34. Rd4 Re6 35. Qd3 h5 36. Rd5 Qe8 37. Rxh5 g6 38. Rd5 Re2 39. h5 Rxb2 40. hxg6 fxg6 41. Rg5 Kh7 42. Nh4 Qf7 43. Rxg6 Qxf2+ 44. Kh3 Qh2+ 45. Kg4 Qe2+ 46. Qxe2 Rxe2 47. Rf6 Re4+ 48. Kh5 Bxg3 49. Nf5 Bh2 50. Rf7+ Kg8 51. Nh6+ Kh8 52. Rd7 Rxc4 53. Ng4 Rc5+ 54. Kg6 Rc6+ 55. Kf5 Rd6 56. Re7 Bg3 57. Re4 Kg7 58. Re8 Kf7 59. Ra8 Rd4 60. Nh6+ Ke7 61. Kg6 Kd7 62. Nf5 Rd3 63. Kf6 Bd6 64. Kg5 Bxa3 65. Kf4 Bc5 66. Ke4 Ra3 67. Nh6 Kc6 68. Ng4 Ra2 69. Ne5+ Kb5 70. Rg8 a3 71. Rg3 Re2+ 72. Kf5 a2 73. Rb3+ Ka4 0-1


[Site "https://www.chess.com"]

[Event "Titled Tuesday Blitz April 25 Early 2023"]
[White "Quesada Perez, Yuniesky"]
[Black "Moussard, Jules"]
[WhiteFideId "3504409"]
[BlackFideId "642908"]
[WhiteElo "2585"]
[BlackElo "2610"]
[Result "0-1"]
[Round "04"]
[TimeControl "180+2"]
[Date "2023.04.25"]
[WhiteClock "0:00:02"]
[BlackClock "0:00:22"]

1. e4 c5 2. Nf3 d6 3. d4 cxd4 4. Nxd4 Nf6 5. Nc3 a6 6. Be3 e6 7. Be2 Be7 8. f4 Qc7 9. O-O O-O 10. Kh1 b5 11. a3 Bb7 12. Bf3 Nc6 13. Nb3 Rad8 14. Qe2 Na5 15. Nxa5 Qxa5 16. Rae1 Qc7 17. Qf2 Nd7 18. Qg3 Bf6 19. Bd2 Rfe8 20. Be2 Nb6 21. Bc1 Bxc3 22. bxc3 Bxe4 23. Be3 Nd5 24. Bd4 f5 25. c4 bxc4 26. Bxc4 a5 27. Rxe4 fxe4 28. f5 Re7 29. Bb3 Rf8 30. Qg4 Nf6 31. Qh4 Kh8 32. fxe6 a4 33. Rxf6 gxf6 34. Bxf6+ Rg7 35. e7 Qxe7 36. Bxg7+ Qxg7 37. Bc4 Qa1+ 38. Bf1 Qxf1# 0-1


[Site "https://www.chess.com"]

[Event "Titled Tuesday Blitz April 25 Early 2023"]
[White "Galchenko, Matvey"]
[Black "Paravyan, David"]
[WhiteFideId "24175480"]
[BlackFideId "4194985"]
[WhiteElo "2423"]
[BlackElo "2563"]
[Result "1/2-1/2"]
[Round "04"]
[TimeControl "180+2"]
[Date "2023.04.25"]
[WhiteClock "0:00:07"]
[BlackClock "0:00:05"]

1. e4 e5 2. Nf3 Nf6 3. d4 Nxe4 4. Bd3 d5 5. Nxe5 Nd7 6. Nxd7 Bxd7 7. O-O Bd6 8. Nc3 Nxc3 9. bxc3 O-O 10. Qh5 f5 11. Re1 h6 12. Qf3 c6 13. Bf4 Qc7 14. Bxd6 Qxd6 15. Re5 Rae8 16. Rae1 Rxe5 17. dxe5 Qe7 18. Qe3 f4 19. Qxa7 Be6 20. Rb1 Bc8 21. Qd4 f3 22. c4 Be6 23. cxd5 Bxd5 24. c4 Be6 25. Qd6 Qf7 26. g3 Bxc4 27. Bxc4 Qxc4 28. e6 Qxa2 29. Re1 Qd5 30. Qc7 Qd2 31. Rf1 Qe2 32. Qd7 Kh7 33. e7 Ra8 34. e8=Q Rxe8 35. Qxb7 Re6 36. Qb1+ Qe4 37. Qb7 Qc4 38. Qf7 Qd5 39. h4 Rf6 40. Qc7 Qf5 41. Kh2 Qc5 42. Qd7 Qd5 43. Qg4 Qf5 44. Qc4 Qd5 45. Qc2+ Qf5 46. Qc3 g5 47. Qc4 gxh4 48. Qxh4 Qg5 49. Qe4+ Qf5 50. Qe7+ Kg6 51. Qe8+ Kg7 52. Qe7+ Rf7 53. Qh4 Qg5 54. Qh3 Qf5 55. Qh4 Qf6 56. Qg4+ Qg6 57. Qd4+ Kh7 58. Rc1 Rf5 59. Qd7+ Rf7 60. Qd4 Qh5+ 61. Kg1 Qh3 62. Qd3+ Kg7 63. Qf1 Qxf1+ 64. Kxf1 Rf6 65. Ke1 Re6+ 66. Kd2 Re2+ 67. Kd3 Rxf2 68. Rxc6 Rg2 69. Ke3 Rxg3 70. Kf2 Rh3 71. Rd6 h5 72. Rc6 h4 73. Rb6 Kf7 74. Ra6 Kg7 75. Rb6 Rg3 76. Rb4 Rh3 77. Rf4 Kg6 78. Rxf3 Rxf3+ 79. Kxf3 h3 80. Kg3 h2 81. Kxh2 1/2-1/2


[Site "https://www.chess.com"]

[Event "Titled Tuesday Blitz April 25 Early 2023"]
[White "Deac, Bogdan-Daniel"]
[Black "Kravtsiv, Martyn"]
[WhiteFideId "1226380"]
[BlackFideId "14113147"]
[WhiteElo "2649"]
[BlackElo "2695"]
[Result "1-0"]
[Round "04"]
[TimeControl "180+2"]
[Date "2023.04.25"]
[WhiteClock "0:00:38"]
[BlackClock "0:00:41"]

1. Nf3 Nf6 2. c4 e6 3. b3 d5 4. Bb2 Be7 5. g3 O-O 6. Bg2 c5 7. cxd5 Nxd5 8. O-O Nc6 9. Nc3 Bf6 10. Qc1 Nde7 11. Na4 Bxb2 12. Qxb2 b6 13. d4 cxd4 14. Nxd4 Bb7 15. Rfd1 Qb8 16. Nb5 Ba6 17. Nac3 Rd8 18. Rxd8+ Qxd8 19. Rd1 Qf8 20. Nc7 Bb7 21. Nxa8 Qxa8 22. Qd2 h6 23. Nb5 Qb8 24. Qd6 Qc8 25. Nxa7 Nxa7 26. Qxe7 1-0


[Site "https://www.chess.com"]

[Event "Titled Tuesday Blitz April 25 Early 2023"]
[White "Harsha Bharathakoti"]
[Black "Korobov, Anton"]
[WhiteFideId "5078776"]
[BlackFideId "14105730"]
[WhiteElo "2504"]
[BlackElo "2638"]
[Result "1/2-1/2"]
[Round "04"]
[TimeControl "180+2"]
[Date "2023.04.25"]
[WhiteClock "0:00:04"]
[BlackClock "0:00:07"]

1. Nf3 d5 2. g3 c6 3. Bg2 Bg4 4. c4 e6 5. cxd5 exd5 6. O-O Bd6 7. Qb3 Qb6 8. Qc2 Ne7 9. d3 Nd7 10. e4 O-O 11. Nc3 Rac8 12. Be3 Qa6 13. h3 Bh5 14. a3 Bc5 15. Bf4 Bb6 16. Na4 Rfe8 17. Nxb6 axb6 18. Rfe1 Nc5 19. Rad1 Qa4 20. Qxa4 Nxa4 21. Rd2 f6 22. Be3 Bf7 23. Rc1 dxe4 24. dxe4 c5 25. Bf1 Nc6 26. Bb5 Rxe4 27. Rd7 Nxb2 28. Rxb7 Na5 29. Rxb6 Nac4 30. Rc6 Rb8 31. Rxc5 h6 32. Bc6 Re7 33. Bd4 Nxa3 34. Ra5 Nac4 35. Ra7 Rxa7 36. Bxa7 Rc8 37. Be4 Re8 38. Bb1 Na3 39. Bd4 Nxb1 40. Bxb2 Rb8 41. Rxb1 Bg6 42. Ra1 Rxb2 43. Nh4 Be4 44. Ng2 g5 45. Ne3 Kg7 46. h4 Kg6 47. hxg5 hxg5 48. Nd1 Rd2 49. Ne3 f5 50. Rd1 Ra2 51. Rd6+ Kf7 52. Rd1 Ke6 53. Rc1 f4 54. gxf4 gxf4 55. Nd1 Ra8 56. Nc3 Rg8+ 57. Kf1 Bd3+ 58. Ke1 Rg2 59. Kd2 Bf5 60. Ke2 Bg4+ 61. Kd3 Rxf2 62. Ne4 Bf5 63. Rc6+ Kd7 64. Rf6 Rf3+ 65. Kd4 Bxe4 66. Kxe4 Re3+ 67. Kxf4 Re6 68. Rxe6 Kxe6 1/2-1/2


[Site "https://www.chess.com"]

[Event "Titled Tuesday Blitz April 25 Early 2023"]
[White "Nguyen, Ngoc Truong Son"]
[Black "Janik, Igor"]
[WhiteFideId "12401110"]
[BlackFideId "1159259"]
[WhiteElo "2556"]
[BlackElo "2484"]
[Result "1/2-1/2"]
[Round "04"]
[TimeControl "180+2"]
[Date "2023.04.25"]
[WhiteClock "0:00:08"]
[BlackClock "0:00:09"]

1. d4 d6 2. Nf3 g6 3. e4 Bg7 4. h3 a6 5. Be3 b5 6. c3 Bb7 7. Nbd2 Nf6 8. Bd3 Nbd7 9. O-O c5 10. a4 c4 11. Bc2 O-O 12. Qe2 Qc7 13. Rfc1 e5 14. dxe5 dxe5 15. axb5 axb5 16. Rxa8 Rxa8 17. b3 cxb3 18. Bxb3 Nc5 19. Bxc5 Qxc5 20. Ng5 Rf8 21. Rb1 Bc6 22. Qd3 Bh6 23. Ndf3 Bxg5 24. Nxg5 h6 25. Nxf7 Rxf7 26. Bxf7+ Kxf7 27. Rb4 g5 28. Qf3 Kg7 29. Kh2 Be8 30. Qe2 Qxc3 31. Rb1 Qc4 32. Qxc4 bxc4 33. Rb7+ Bf7 34. f3 Ne8 35. Rb6 Nc7 36. Kg3 Ne6 37. Rc6 Nd4 38. Rc5 c3 39. Kf2 c2 40. Ke3 Kf6 41. Rc3 Bb3 42. g3 Ba4 43. Rc4 Bb3 44. Rc3 Ba4 45. f4 gxf4+ 46. gxf4 Ne6 47. fxe5+ Kxe5 48. Rc4 h5 49. Kd2 Bb3 50. Rc3 Nd4 51. Rc5+ Kxe4 52. Rxh5 Ba4 53. Rh4+ Kd5 54. Rh8 Kc4 55. Rc8+ Kb3 56. h4 Kb2 57. h5 Nb3+ 58. Ke3 c1=Q+ 59. Rxc1 Nxc1 60. h6 Bc2 61. Kf4 Nd3+ 62. Kg5 Ne5 63. Kf6 Ng4+ 64. Kg7 Nxh6 65. Kxh6 1/2-1/2


[Site "https://www.chess.com"]

[Event "Titled Tuesday Blitz April 25 Early 2023"]
[White "Narayanan, Srinath"]
[Black "Svane, Rasmus"]
[WhiteFideId "5018420"]
[BlackFideId "4657101"]
[WhiteElo "2438"]
[BlackElo "2597"]
[Result "0-1"]
[Round "04"]
[TimeControl "180+2"]
[Date "2023.04.25"]
[WhiteClock "0:00:04"]
[BlackClock "0:00:05"]

1. Nf3 d5 2. e3 Nf6 3. c4 e6 4. Nc3 dxc4 5. Bxc4 a6 6. d4 b5 7. Bd3 Bb7 8. O-O Nbd7 9. a3 c5 10. dxc5 Bxc5 11. b4 Be7 12. Bb2 O-O 13. Rc1 Qb8 14. Qe2 Bd6 15. h3 Rd8 16. Rfd1 Ne5 17. Nxe5 Bxe5 18. f4 Bd6 19. Bb1 Qa7 20. Kh1 Qb6 21. Rf1 Re8 22. e4 e5 23. f5 h6 24. Kh2 Rac8 25. g4 Qd8 26. Rfd1 Qe7 27. Rg1 Nd7 28. Rcf1 Bc7 29. Ba2 Bb6 30. Rg2 Bd4 31. Rf3 Rc7 32. g5 hxg5 33. Rfg3 Qf6 34. Rxg5 Bxc3 35. Qh5 Re7 36. Bxc3 Rxc3 37. Qg4 Kf8 38. Rxg7 Ke8 39. Rg8+ Nf8 40. Rxf8+ Kd7 41. Qd1+ Kc6 42. Rd8 Kc7 43. Rdg8 Rd7 44. Qe1 Rc6 45. Bd5 Rc4 46. Bxc4 bxc4 47. Rc2 Qc6 48. Qe2 Rd4 49. Rg4 a5 50. bxa5 c3 51. Rg3 Rxe4 52. Qf2 Re2 53. Rgxc3 Rxf2+ 54. Kg1 Rxc2 55. Rxc6+ Rxc6 0-1


[Site "https://www.chess.com"]

[Event "Titled Tuesday Blitz April 25 Early 2023"]
[White "Pultinevicius, Paulius"]
[Black "Hakobyan, Aram"]
[WhiteFideId "12809390"]
[BlackFideId "13306677"]
[WhiteElo "2529"]
[BlackElo "2584"]
[Result "1-0"]
[Round "04"]
[TimeControl "180+2"]
[Date "2023.04.25"]
[WhiteClock "0:00:07"]
[BlackClock "0:00:06"]

1. d4 g6 2. c4 Bg7 3. e4 d6 4. Nc3 c5 5. d5 Bxc3+ 6. bxc3 e5 7. dxe6 Bxe6 8. Bf4 Nc6 9. Bd3 Nf6 10. Ne2 Nh5 11. Be3 Ne5 12. O-O O-O 13. Bc2 Nxc4 14. Bc1 b5 15. h3 Re8 16. Rb1 a6 17. g4 Ng7 18. Ng3 d5 19. Kg2 Ra7 20. Qe2 dxe4 21. Rd1 Rd7 22. Bh6 Bd5 23. Kh2 Na3 24. Rbc1 Bc4 25. Rxd7 Qxd7 26. Qe3 Nxc2 27. Rxc2 Qe7 28. Rd2 Bd3 29. f3 c4 30. fxe4 Ne6 31. Rf2 f6 32. h4 Nc5 33. Nf5 Qxe4 34. Qxc5 gxf5 35. gxf5 Qe5+ 36. Qxe5 Rxe5 37. Rg2+ Kf7 38. Rg7+ Ke8 39. Rxh7 Bxf5 40. Ra7 Re2+ 41. Kg3 Rxa2 42. Be3 b4 43. cxb4 c3 44. Kf4 Bd3 45. Rc7 c2 46. h5 Ra1 47. h6 Rf1+ 48. Kg3 Re1 49. Bf4 Kf8 50. Kf2 Re2+ 51. Kf3 Re1 52. Rc8+ Kf7 53. Rc3 Be4+ 54. Kf2 Rd1 55. Rc4 Bf5 56. Rc7+ Kg6 57. Rg7+ Kh5 58. Rc7 Kg6 59. Be3 Rh1 60. Kg2 Be4+ 61. Kf2 Kf5 62. Bd2 Kg4 63. Ke3 Bg6 64. Ke2 f5 65. Rg7 Kh5 66. h7 Bxh7 67. Rxh7+ Kg4 68. Rxh1 c1=Q 69. Rxc1 a5 70. Rc4+ f4 71. bxa5 Kg3 72. Rxf4 Kg2 73. a6 Kh1 74. a7 Kg1 75. a8=Q Kh2 76. Qh8+ 1-0


[Site "https://www.chess.com"]

[Event "Titled Tuesday Blitz April 25 Early 2023"]
[White "Pranesh M"]
[Black "Milikow, Yoav"]
[WhiteFideId "35028600"]
[BlackFideId "2822237"]
[WhiteElo "2437"]
[BlackElo "2410"]
[Result "1/2-1/2"]
[Round "04"]
[TimeControl "180+2"]
[Date "2023.04.25"]
[WhiteClock "0:00:26"]
[BlackClock "0:00:29"]

1. e4 e5 2. Nf3 Nf6 3. Nc3 Nc6 4. Bb5 Nd4 5. Bc4 Bc5 6. Nxe5 Qe7 7. Nf3 d5 8. Nxd4 dxc4 9. Nf3 Nxe4 10. O-O Nxc3 11. dxc3 O-O 12. Re1 Qd6 13. Qxd6 Bxd6 14. Nd2 Be6 15. Ne4 Rfe8 16. Nxd6 cxd6 17. Bf4 Bf5 18. Bxd6 Bxc2 19. f3 f6 20. Kf2 Kf7 21. Rac1 Rxe1 22. Rxe1 Re8 23. Rxe8 Kxe8 24. Ke3 Kd7 25. Bf8 g6 26. Bg7 Ke7 27. h4 h5 28. Kd4 Bd3 29. Bh6 Kd6 30. Bf4+ Kc6 31. Bh6 Bf1 32. g3 Be2 33. f4 Kd6 34. Bf8+ Ke6 35. Bc5 b6 36. Bf8 Kf5 37. Be7 Ke6 38. Bd8 f5 39. Bc7 Kd7 40. Bb8 a6 41. Ke5 Kc6 42. Ke6 b5 43. Ba7 Bd1 44. Bd4 Be2 45. Bf6 Bd1 46. Bd8 Be2 47. b4 Bd1 48. Bf6 Be2 49. a3 Bd1 50. Bd4 Bg4 51. Ke5 Bd1 52. Kf6 Be2 53. Kxg6 Bg4 54. Kf6 Kd5 55. Ke7 Kc6 56. Ke6 Bh3 57. Ke7 Bg4 58. Kd8 Kb7 59. Kd7 Bh3 60. Kd6 Bg4 61. Be3 Bh3 62. Kc5 Bf1 63. Kd5 Be2 64. Bf2 Bf3+ 65. Kd4 Be2 66. Be3 Kc6 67. Ke5 Bg4 68. Bc1 Bh3 69. Ke6 Bg4 70. Be3 Bh3 71. Ke7 Bg4 72. Kd8 Kb7 73. Kd7 Bh3 74. Kd6 Bg4 75. Kd5 Be2 76. Bc5 Bd1 77. Ke5 Bg4 78. Kd6 Bf3 79. Bf2 Bg4 80. Kd5 Bf3+ 81. Kd4 Bd1 82. Be3 Kc6 83. Bc1 Bg4 84. a4 Bd1 85. a5 Bg4 86. Ke5 Kb7 87. Be3 Kc6 88. Bd4 Kb7 89. Kd6 Bh3 90. Ke7 Bg4 91. Kf6 Bh3 92. Kg5 Bg4 93. Kg6 Kc6 94. Kg5 Kb7 95. Kg6 Kc6 96. Kh6 Kb7 97. Kg5 Kc6 98. Be5 Kb7 99. Kf6 Ka7 100. Ke7 Kb7 101. Kd7 Bh3 102. Bf6 Bg4 103. Kd8 Bh3 104. Bg5 Bg4 105. Bh6 Bh3 106. Bf8 Bg4 107. Bc5 Bh3 108. Bd4 Bg4 109. Kd7 Bh3 110. Kd6 Bg4 111. Ke6 Bh3 112. Kf6 Bg4 113. Kg5 Kc6 114. Be5 Kb7 115. Kg6 Kc6 116. Kf6 Kb7 117. Ke6 Bh3 118. Kd6 Bg4 119. Bd4 Bh3 120. Kd7 Bg4 121. Kd6 1/2-1/2


[Site "https://www.chess.com"]

[Event "Titled Tuesday Blitz April 25 Early 2023"]
[White "Chigaev, Maksim"]
[Black "Szpar, Milosz"]
[WhiteFideId "4108116"]
[BlackFideId "1184989"]
[WhiteElo "2547"]
[BlackElo "2436"]
[Result "1-0"]
[Round "04"]
[TimeControl "180+2"]
[Date "2023.04.25"]
[WhiteClock "0:00:06"]
[BlackClock "0:00:06"]

1. d4 Nf6 2. Bg5 c5 3. d5 Ne4 4. Bc1 e6 5. Nf3 d6 6. g3 exd5 7. Qxd5 Nf6 8. Qd3 Nc6 9. Bg2 Be7 10. O-O O-O 11. c4 Be6 12. Nc3 Nb4 13. Qb1 Bxc4 14. Rd1 h6 15. Ne5 Be6 16. a3 Nc6 17. Bxc6 bxc6 18. Nxc6 Qc7 19. Nxe7+ Qxe7 20. b4 Rac8 21. Bb2 Bh3 22. Qd3 cxb4 23. axb4 Qb7 24. Qf3 Qxb4 25. Rab1 Bg4 26. Qd3 Qc4 27. Qxc4 Rxc4 28. f3 Be6 29. Ba1 Rfc8 30. Nb5 Rc2 31. Kf2 Bc4 32. Nd4 Ra2 33. Rb2 Rxb2 34. Bxb2 d5 35. Ra1 Rb8 36. Bc3 a6 37. Ra3 Nd7 38. Nc6 Rb6 39. Ne7+ Kf8 40. Nf5 h5 41. Bxg7+ Kg8 42. Bd4 Rb3 43. Ra1 f6 44. Ne3 Kf7 45. Nxc4 dxc4 46. Rxa6 Rb5 47. Rc6 Rd5 48. Rxc4 h4 49. gxh4 Rh5 50. Bc3 Ke6 51. Re4+ Kf5 52. Rd4 Nf8 53. Rd5+ Kg6 54. Rxh5 Kxh5 55. Bxf6 Ng6 56. Kg3 Nxh4 57. Bxh4 1-0


[Site "https://www.chess.com"]

[Event "Titled Tuesday Blitz April 25 Early 2023"]
[White "Esipenko, Andrey"]
[Black "Bashirli, Nail"]
[WhiteFideId "24175439"]
[BlackFideId "13406809"]
[WhiteElo "2615"]
[BlackElo "2322"]
[Result "0-1"]
[Round "04"]
[TimeControl "180+2"]
[Date "2023.04.25"]
[WhiteClock "0:00:01"]
[BlackClock "0:00:13"]

1. e4 Nf6 2. e5 Nd5 3. d4 d6 4. c4 Nb6 5. f4 dxe5 6. fxe5 Bf5 7. Nc3 e6 8. Be3 Be7 9. Nf3 O-O 10. Bd3 Bg4 11. O-O Nc6 12. Be2 f6 13. exf6 Bxf6 14. Ne4 Bxf3 15. Nxf6+ Rxf6 16. gxf3 Rg6+ 17. Kh1 Qh4 18. Qe1 Qh3 19. Qf2 Ne7 20. Rg1 Nd7 21. Bd3 Nf5 22. Rxg6 hxg6 23. Bf4 Rf8 24. Bf1 Qh5 25. Bxc7 Nh4 26. Bg3 Rxf3 27. Be2 Rxf2 28. Bxh5 Rxb2 29. Bg4 Nf5 30. Bc7 Nf6 31. Bxf5 gxf5 32. Re1 Kf7 33. Be5 Ng4 34. Bg3 g5 35. d5 exd5 36. cxd5 f4 37. h3 Nf6 38. Bh2 Nxd5 39. Re5 Rb1+ 40. Bg1 Ne3 41. Rxg5 Kf6 42. Rg8 Kf5 43. h4 f3 44. h5 Kf4 45. Kh2 Ng4+ 46. Rxg4+ Kxg4 47. h6 Rb5 48. Be3 Rh5+ 49. Kg1 a5 50. a4 b5 51. axb5 Rxb5 52. Kf2 Rh5 53. Bc1 a4 0-1


[Site "https://www.chess.com"]

[Event "Titled Tuesday Blitz April 25 Early 2023"]
[White "Shuvalova, Polina"]
[Black "Kramnik, Vladimir"]
[WhiteFideId "24171760"]
[BlackFideId "4101588"]
[WhiteElo "2281"]
[BlackElo "2712"]
[Result "1-0"]
[Round "04"]
[TimeControl "180+2"]
[Date "2023.04.25"]
[WhiteClock "0:00:03"]
[BlackClock "0:00:01"]

1. e4 c5 2. Nf3 e6 3. d4 cxd4 4. Nxd4 a6 5. Nc3 d6 6. Be2 b5 7. O-O Bb7 8. a3 Nd7 9. f4 Ngf6 10. Bf3 Qc7 11. Kh1 Be7 12. Be3 Rc8 13. Nce2 h5 14. Nc3 Nc5 15. e5 dxe5 16. fxe5 Ng4 17. Bg1 Nxe5 18. Bxb7 Qxb7 19. Qe2 Ng6 20. b4 h4 21. h3 e5 22. Nf5 Ne6 23. Ne4 O-O 24. Ned6 Bxd6 25. Nxd6 Ngf4 26. Qg4 Qc6 27. Nxc8 Rxc8 28. Rf2 Qc3 29. Raf1 Qg3 30. Qf5 Qg5 31. Qe4 Nh5 32. Bh2 Nef4 33. Qf3 Ng3+ 34. Bxg3 hxg3 35. Rd2 f6 36. Rd7 Kh8 37. c3 Re8 38. Rfd1 Kh7 39. Qe4+ f5 40. Qc6 Re6 41. R7d6 Rxd6 42. Qxd6 e4 43. Rf1 Nd3 44. Qd5 Nf2+ 45. Kg1 Qf4 46. Qd4 Qg5 47. Qe5 1-0


[Site "https://www.chess.com"]

[Event "Titled Tuesday Blitz April 25 Early 2023"]
[White "Bronstein, Or"]
[Black "Gupta, Abhijeet"]
[WhiteFideId "2815770"]
[BlackFideId "5010608"]
[WhiteElo "2356"]
[BlackElo "2528"]
[Result "0-1"]
[Round "04"]
[TimeControl "180+2"]
[Date "2023.04.25"]
[WhiteClock "0:00:26"]
[BlackClock "0:00:37"]

1. Nf3 Nf6 2. c4 Nc6 3. d4 e6 4. Nc3 Bb4 5. Bd2 O-O 6. Qc2 d6 7. a3 Bxc3 8. Bxc3 Qe7 9. e4 e5 10. d5 Nb8 11. b4 a5 12. Be2 axb4 13. axb4 Rxa1+ 14. Bxa1 Nh5 15. g3 Bh3 16. Nh4 Nf4 17. gxf4 Qxh4 18. fxe5 Bg2 19. Rg1 Qxh2 20. Rxg2 Qxg2 21. exd6 cxd6 22. c5 Qh1+ 23. Bf1 Re8 24. f3 Qxf3 25. Bg2 Qe3+ 26. Kf1 f5 27. Qb2 Qg3 28. cxd6 fxe4 29. Bxe4 Rxe4 0-1


[Site "https://www.chess.com"]

[Event "Titled Tuesday Blitz April 25 Early 2023"]
[White "feuervogel1000000"]
[Black "Zhigalko, Sergei"]
[BlackFideId "13502956"]
[WhiteElo "2426"]
[BlackElo "2626"]
[Result "0-1"]
[Round "04"]
[TimeControl "180+2"]
[Date "2023.04.25"]
[WhiteClock "0:01:20"]
[BlackClock "0:00:11"]

1. d4 Nf6 2. c4 e6 3. Nf3 b6 4. g3 Ba6 5. b3 Bb4+ 6. Bd2 Be7 7. Bg2 c6 8. O-O d5 9. Qc2 Nbd7 10. Bf4 O-O 11. Nbd2 Nh5 12. Rfe1 Nxf4 13. gxf4 Rc8 14. Rac1 Ba3 15. Rcd1 Bb4 16. Qb2 Qe7 17. cxd5 cxd5 18. Qb1 Nf6 19. Ne5 Rc7 20. f5 Rfc8 21. fxe6 Qxe6 22. e4 dxe4 23. Nxe4 Bxe1 24. Rxe1 Nxe4 25. Bxe4 g6 26. Qd1 Rc1 27. Qd2 Rxe1+ 28. Qxe1 f6 29. Nf3 Kg7 30. Qe3 Qg4+ 31. Kh1 Re8 32. Nd2 f5 33. Qf3 Rxe4 34. Nxe4 Qxf3+ 0-1


[Site "https://www.chess.com"]

[Event "Titled Tuesday Blitz April 25 Early 2023"]
[White "Harshavardhan G B"]
[Black "Firouzja, Alireza"]
[WhiteFideId "25059009"]
[BlackFideId "12573981"]
[WhiteElo "2323"]
[BlackElo "2904"]
[Result "0-1"]
[Round "04"]
[TimeControl "180+2"]
[Date "2023.04.25"]
[WhiteClock "0:01:01"]
[BlackClock "0:01:41"]

1. e4 c5 2. Nf3 d6 3. d4 cxd4 4. Nxd4 Nf6 5. Nc3 a6 6. Qf3 Nbd7 7. h3 g6 8. Be3 Bg7 9. g4 O-O 10. O-O-O Qa5 11. Qg2 Nc5 12. f4 b5 13. e5 Bb7 14. Nc6 Bxc6 15. Qxc6 Rfc8 16. Qg2 b4 17. exf6 bxc3 18. fxg7 Qxa2 19. bxc3 Nb3+ 0-1


[Site "https://www.chess.com"]